| TOP OF THE 1ST |
|
York Revolution batting - Pitching for Trois-Riveres Aigles : LHP Åke Ravn
|
|
Pitching: LHP Åke Ravn
|
|
|
Batting: RHB Dan Shaffer
|
0-0: Ball 1-0: Fly out, F5 (Popup, 5L, EV 73.1 MPH)
|
|
Batting: LHB Mike Hawk
|
0-0: Ball 1-0: Called Strike 1-1: Ball 2-1: Foul Ball, location: 2F 2-2: Fly out, F8 (Line Drive, 8RM, EV 90.6 MPH)
|
|
Batting: RHB Juan Gonzalez
|
0-0: Ball 1-0: Foul Ball, location: 2F 1-1: Ball 2-1: Ball 3-1: Fly out, F3 (Popup, 3, EV 80.0 MPH)
|
| Top of the 1st over - 0 runs, 0 hits, 0 errors, 0 left on base; York 0 - Trois-Riveres 0 |
| BOTTOM OF THE 1ST |
|
Trois-Riveres Aigles batting - Pitching for York Revolution : RHP Hugo Rodriguez
|
|
Pitching: RHP Hugo Rodriguez
|
|
|
Batting: SHB Josif Popovski
|
0-0: Called Strike 0-1: Foul Ball, location: 2F 0-2: Ball 1-2: SINGLE (Groundball, 4, EV 106.9 MPH)
|
|
Batting: LHB Edgar Quinto
|
0-0: Called Strike Josif Popovski steals 2nd base 0-1: Ball Josif Popovski steals 3rd base (no throw) 1-1: Ball 2-1: Fly out, F7 (Flyball, 7D, EV 76.9 MPH) Runner from 3rd tags up, SCORES, no throw by LF
|
|
Batting: SHB Derek Weaver
|
0-0: Called Strike 0-1: Ball 1-1: Ball 2-1: Called Strike 2-2: Strikes out looking
|
|
Batting: RHB Alistair Holmes
|
0-0: Foul Ball, location: 2F 0-1: Called Strike 0-2: Ball 1-2: Ground out U3 (Groundball, 3, EV 102.5 MPH)
|
| Bottom of the 1st over - 1 run, 1 hit, 0 errors, 0 left on base; York 0 - Trois-Riveres 1 |
| TOP OF THE 2ND |
|
York Revolution batting - Pitching for Trois-Riveres Aigles : LHP Åke Ravn
|
|
Batting: RHB Alexis Graciani
|
0-0: Called Strike 0-1: Ball 1-1: Ball 2-1: SOLO HOME RUN (Flyball, 7D, EV 99.4 MPH), Distance : 393 ft
|
|
Batting: LHB Cipto Pakpahan
|
0-0: Called Strike 0-1: Called Strike 0-2: Ball 1-2: Ball 2-2: Strikes out swinging
|
|
Batting: RHB Mike Staunton
|
0-0: Ball 1-0: Ball 2-0: Ball 3-0: Called Strike 3-1: Swinging Strike 3-2: Foul Ball, location: 2F 3-2: Strikes out swinging
|
|
Batting: RHB Josh Jarvis
|
0-0: Ground out 6-3 (Groundball, 6, EV 86.2 MPH)
|
| Top of the 2nd over - 1 run, 1 hit, 0 errors, 0 left on base; York 1 - Trois-Riveres 1 |
| BOTTOM OF THE 2ND |
|
Trois-Riveres Aigles batting - Pitching for York Revolution : RHP Hugo Rodriguez
|
|
Batting: RHB John Garland
|
0-0: Ball 1-0: Called Strike 1-1: Foul Ball, location: 2F 1-2: Foul Ball, location: 2F 1-2: Foul Ball, location: 2F 1-2: Foul Ball, location: 2F 1-2: Ground out 5-3 (Groundball, 5, EV 103.1 MPH)
|
|
Batting: RHB Danny Mota
|
0-0: Foul Ball, location: 2F 0-1: Ball 1-1: SINGLE (Groundball, 6S, EV 98.1 MPH)
|
|
Batting: RHB Christopher Arnett
|
0-0: Called Strike 0-1: Ball 1-1: SINGLE (Groundball, 6MD, EV 101.2 MPH) Danny Mota to second Runner from 2nd tries for 3rd, SAFE, throw by CF made to third
|
|
Batting: RHB Chris Davis
|
0-0: Called Strike 0-1: Swinging Strike 0-2: Grounds into double play, 4-6-3 (Groundball, 34, EV 105.0 MPH)
|
| Bottom of the 2nd over - 0 runs, 2 hits, 0 errors, 1 left on base; York 1 - Trois-Riveres 1 |
| TOP OF THE 3RD |
|
York Revolution batting - Pitching for Trois-Riveres Aigles : LHP Åke Ravn
|
|
Batting: LHB Skyler Bright
|
0-0: Called Strike 0-1: Ball 1-1: Ball 2-1: Ball 3-1: Fly out, F7 (Flyball, 7D, EV 102.5 MPH)
|
|
Batting: RHB Tim Schell
|
0-0: Foul Ball, location: 2F 0-1: Swinging Strike 0-2: Strikes out swinging
|
|
Batting: RHB Dan Shaffer
|
0-0: Ball 1-0: Ball 2-0: Called Strike 2-1: Ball 3-1: Fly out, F9 (Flyball, 89S, EV 80.0 MPH)
|
| Top of the 3rd over - 0 runs, 0 hits, 0 errors, 0 left on base; York 1 - Trois-Riveres 1 |
| BOTTOM OF THE 3RD |
|
Trois-Riveres Aigles batting - Pitching for York Revolution : RHP Hugo Rodriguez
|
|
Batting: SHB Paul Dupuis
|
0-0: Called Strike 0-1: Ball 1-1: Ball 2-1: Swinging Strike 2-2: Strikes out looking
|
|
Batting: SHB Josif Popovski
|
0-0: Foul Ball, location: 2F 0-1: Foul Ball, location: 2F 0-2: Fly out, F9 (Line Drive, 89M, EV 91.2 MPH)
|
|
Batting: LHB Edgar Quinto
|
0-0: Ground out 4-3 (Groundball, 4S, EV 83.8 MPH)
|
| Bottom of the 3rd over - 0 runs, 0 hits, 0 errors, 0 left on base; York 1 - Trois-Riveres 1 |
| TOP OF THE 4TH |
|
York Revolution batting - Pitching for Trois-Riveres Aigles : LHP Åke Ravn
|
|
Batting: LHB Mike Hawk
|
0-0: Called Strike 0-1: Swinging Strike 0-2: Ball 1-2: Strikes out swinging
|
|
Batting: RHB Juan Gonzalez
|
0-0: Ball 1-0: Ball 2-0: Called Strike 2-1: Foul Ball, location: 2F 2-2: Foul Ball, location: 2F 2-2: Ball 3-2: Foul Ball, location: 2F 3-2: Strikes out swinging
|
|
Batting: RHB Alexis Graciani
|
0-0: Ball 1-0: Ball 2-0: Called Strike 2-1: Ball 3-1: Base on Balls
|
|
Batting: LHB Cipto Pakpahan
|
0-0: Fly out, F8 (Line Drive, 8RD, EV 98.1 MPH)
|
| Top of the 4th over - 0 runs, 0 hits, 0 errors, 1 left on base; York 1 - Trois-Riveres 1 |
| BOTTOM OF THE 4TH |
|
Trois-Riveres Aigles batting - Pitching for York Revolution : RHP Hugo Rodriguez
|
|
Batting: SHB Derek Weaver
|
0-0: Called Strike 0-1: Ball 1-1: SINGLE (Line Drive, 78S, EV 97.5 MPH)
|
|
Batting: RHB Alistair Holmes
|
0-0: Ball 1-0: Foul Ball, location: 2F 1-1: Fielders Choice at 2nd, 5-4 (Groundball, 56, EV 100.6 MPH)
|
|
Batting: RHB John Garland
|
0-0: Foul Ball, location: 2F 0-1: Ball Alistair Holmes is caught stealing 2nd base 2-4 1-1: Foul Ball, location: 2F 1-2: Foul Ball, location: 2F 1-2: Fly out, F7 (Flyball, 7S, EV 77.5 MPH)
|
| Bottom of the 4th over - 0 runs, 1 hit, 0 errors, 0 left on base; York 1 - Trois-Riveres 1 |
| TOP OF THE 5TH |
|
York Revolution batting - Pitching for Trois-Riveres Aigles : LHP Åke Ravn
|
|
Batting: RHB Mike Staunton
|
0-0: Ball 1-0: Ball 2-0: Called Strike 2-1: Foul Ball, location: 2F 2-2: Fly out, F9 (Flyball, 89D, EV 93.8 MPH)
|
|
Batting: RHB Josh Jarvis
|
0-0: Ball 1-0: Ball 2-0: DOUBLE (Line Drive, 78D, EV 103.1 MPH)
|
|
Batting: LHB Skyler Bright
|
0-0: Ball 1-0: SINGLE (Groundball, 34, EV 102.5 MPH) (infield hit) Josh Jarvis to third
|
|
Batting: RHB Tim Schell
|
0-0: Called Strike 0-1: Ball 1-1: SINGLE (Groundball, 56D, EV 100.0 MPH) Josh Jarvis scores Skyler Bright to second
|
|
Batting: RHB Dan Shaffer
|
0-0: Ball 1-0: Ball 2-0: Grounds into double play, 3-6-3 (Groundball, 34, EV 78.8 MPH)
|
| Top of the 5th over - 1 run, 3 hits, 0 errors, 1 left on base; York 2 - Trois-Riveres 1 |
| BOTTOM OF THE 5TH |
|
Trois-Riveres Aigles batting - Pitching for York Revolution : RHP Hugo Rodriguez
|
|
Batting: RHB Danny Mota
|
0-0: Ball 1-0: Ball 2-0: Foul Ball, location: 2F 2-1: Foul Ball, location: 2F 2-2: Fly out, F8 (Flyball, 8RM, EV 81.9 MPH)
|
|
Batting: RHB Christopher Arnett
|
0-0: Fly out, F8 (Flyball, 8LM, EV 85.6 MPH)
|
|
Batting: RHB Chris Davis
|
0-0: Foul Ball, location: 2F 0-1: Swinging Strike 0-2: Fly out, F8 (Line Drive, 8RM, EV 98.1 MPH)
|
| Bottom of the 5th over - 0 runs, 0 hits, 0 errors, 0 left on base; York 2 - Trois-Riveres 1 |
| TOP OF THE 6TH |
|
York Revolution batting - Pitching for Trois-Riveres Aigles : LHP Åke Ravn
|
|
Batting: LHB Mike Hawk
|
0-0: Ball 1-0: Foul Ball, location: 2F 1-1: Swinging Strike 1-2: Foul Ball, location: 2F 1-2: Strikes out swinging
|
|
Batting: RHB Juan Gonzalez
|
0-0: Ball 1-0: Ball 2-0: Foul Ball, location: 2F 2-1: Foul Ball, location: 2F 2-2: Strikes out swinging
|
|
Batting: RHB Alexis Graciani
|
0-0: Called Strike 0-1: Ball 1-1: Foul Ball, location: 2F 1-2: Ball 2-2: SINGLE (Groundball, 56D, EV 110.6 MPH)
|
|
Batting: LHB Cipto Pakpahan
|
0-0: Called Strike 0-1: Ball 1-1: Fly out, F9 (Flyball, 89S, EV 86.9 MPH)
|
| Top of the 6th over - 0 runs, 1 hit, 0 errors, 1 left on base; York 2 - Trois-Riveres 1 |
| BOTTOM OF THE 6TH |
|
Trois-Riveres Aigles batting - Pitching for York Revolution : RHP Hugo Rodriguez
|
|
Batting: SHB Paul Dupuis
|
0-0: Ball 1-0: Foul Ball, location: 2F 1-1: Swinging Strike 1-2: Strikes out swinging
|
|
Batting: SHB Josif Popovski
|
0-0: Called Strike 0-1: Ball 1-1: Fly out, F7 (Flyball, 78S, EV 88.1 MPH)
|
|
Batting: LHB Edgar Quinto
|
0-0: Called Strike 0-1: Foul Ball, location: 2F 0-2: Ball 1-2: SINGLE (Groundball, 4M, EV 98.1 MPH) (infield hit)
|
|
Pitching: RHP Edgar Garza
|
|
|
Batting: SHB Derek Weaver
|
0-0: Called Strike Edgar Quinto steals 2nd base 0-1: Called Strike 0-2: Strikes out swinging
|
| Bottom of the 6th over - 0 runs, 1 hit, 0 errors, 1 left on base; York 2 - Trois-Riveres 1 |
| TOP OF THE 7TH |
|
York Revolution batting - Pitching for Trois-Riveres Aigles : LHP Åke Ravn
|
|
Batting: RHB Mike Staunton
|
0-0: Ground out 6-3 (Groundball, 6, EV 106.2 MPH)
|
|
Batting: RHB Josh Jarvis
|
0-0: Swinging Strike 0-1: SINGLE (Groundball, 6MD, EV 102.5 MPH)
|
|
Batting: LHB Skyler Bright
|
0-0: Foul Ball, location: 2F 0-1: Ball 1-1: Ball 2-1: Fly out, F8 (Line Drive, 78D, EV 94.4 MPH)
|
|
Batting: RHB Tim Schell
|
0-0: Ground out 4-3 (Groundball, 4, EV 91.2 MPH)
|
| Top of the 7th over - 0 runs, 1 hit, 0 errors, 1 left on base; York 2 - Trois-Riveres 1 |
| BOTTOM OF THE 7TH |
|
Trois-Riveres Aigles batting - Pitching for York Revolution : RHP Edgar Garza
|
|
Batting: RHB Alistair Holmes
|
0-0: Ball 1-0: Swinging Strike 1-1: Fly out, F9 (Flyball, 9LM, EV 76.2 MPH)
|
|
Batting: RHB John Garland
|
0-0: Fly out, F4 (Popup, 3S, EV 89.4 MPH)
|
|
Batting: RHB Danny Mota
|
0-0: Foul Ball, location: 2F 0-1: Ball 1-1: Called Strike 1-2: Foul Ball, location: 2F 1-2: Strikes out swinging
|
| Bottom of the 7th over - 0 runs, 0 hits, 0 errors, 0 left on base; York 2 - Trois-Riveres 1 |
| TOP OF THE 8TH |
|
York Revolution batting - Pitching for Trois-Riveres Aigles : LHP Åke Ravn
|
|
Batting: RHB Dan Shaffer
|
0-0: Ball 1-0: Ball 2-0: Called Strike 2-1: Ball 3-1: Called Strike 3-2: Base on Balls
|
|
Pitching: LHP Travis Mitchell
|
|
|
Batting: LHB Mike Hawk
|
0-0: Sac Bunt to 25 - play at first, batter OUT! 5-3 Dan Shaffer to second
|
|
Batting: RHB Juan Gonzalez
|
0-0: Intentional Walk
|
|
Batting: RHB Alexis Graciani
|
0-0: Ball 1-0: DOUBLE (Flyball, 78XD, EV 110.6 MPH) Dan Shaffer scores Juan Gonzalez to third
|
|
Pinch Runner at 2nd Justin Crowder:
|
|
|
Batting: LHB Cipto Pakpahan
|
0-0: Ball 1-0: Fly out, F8 (Flyball, 8LD, EV 87.5 MPH) Runner from 3rd tags up, SCORES, throw by CF Justin Crowder to third
|
|
Batting: RHB Mike Staunton
|
0-0: Swinging Strike 0-1: Ball 1-1: Called Strike 1-2: Foul Ball, location: 2F 1-2: Ball 2-2: Strikes out swinging
|
| Top of the 8th over - 2 runs, 1 hit, 0 errors, 1 left on base; York 4 - Trois-Riveres 1 |
| BOTTOM OF THE 8TH |
|
Trois-Riveres Aigles batting - Pitching for York Revolution : RHP Edgar Garza
|
|
Now at 1B: Mike Hawk
|
|
|
Now in LF: Justin Crowder
|
|
|
Now in CF: Skyler Bright
|
|
|
Batting: RHB Christopher Arnett
|
0-0: Ball 1-0: Ball 2-0: Called Strike 2-1: Foul Ball, location: 2F 2-2: Ball 3-2: Base on Balls
|
|
Pinch Hitting: RHB Micah Logan
|
0-0: Foul Ball, location: 2F 0-1: Swinging Strike 0-2: Ball 1-2: Ball 2-2: Strikes out swinging
|
|
Batting: SHB Paul Dupuis
|
0-0: Ball Wild Pitch! Christopher Arnett to second 1-0: Foul Ball, location: 2F 1-1: Called Strike 1-2: Ground out 1-3 (Groundball, 13, EV 63.1 MPH) Christopher Arnett to third
|
|
Batting: SHB Josif Popovski
|
0-0: Ball 1-0: Foul Ball, location: 2F 1-1: Fly out, F4 (Line Drive, 4M, EV 67.5 MPH)
|
| Bottom of the 8th over - 0 runs, 0 hits, 0 errors, 1 left on base; York 4 - Trois-Riveres 1 |
| TOP OF THE 9TH |
|
York Revolution batting - Pitching for Trois-Riveres Aigles : LHP Travis Mitchell
|
|
Pitching: RHP Steve Rennecker
|
|
|
Now at 1B: Micah Logan
|
|
|
Batting: RHB Josh Jarvis
|
0-0: Foul Ball, location: 2F 0-1: Foul Ball, location: 2F 0-2: Ball 1-2: Strikes out swinging
|
|
Batting: LHB Skyler Bright
|
0-0: Called Strike 0-1: Ball 1-1: Swinging Strike 1-2: Strikes out swinging
|
|
Batting: RHB Tim Schell
|
0-0: Ball 1-0: Foul Ball, location: 2F 1-1: Foul Ball, location: 2F 1-2: Ball 2-2: Strikes out swinging
|
| Top of the 9th over - 0 runs, 0 hits, 0 errors, 0 left on base; York 4 - Trois-Riveres 1 |
| BOTTOM OF THE 9TH |
|
Trois-Riveres Aigles batting - Pitching for York Revolution : RHP Edgar Garza
|
|
Batting: LHB Edgar Quinto
|
0-0: Called Strike 0-1: Called Strike 0-2: Strikes out swinging
|
|
Batting: SHB Derek Weaver
|
0-0: Ground out U3 (Groundball, 3, EV 82.5 MPH)
|
|
Batting: RHB Alistair Holmes
|
0-0: Ball 1-0: Swinging Strike 1-1: Reached on error, E6 (Groundball, 6, EV 83.8 MPH)
|
|
Batting: RHB John Garland
|
0-0: Called Strike 0-1: Called Strike 0-2: Ball 1-2: Foul Ball, location: 2F 1-2: Foul Ball, location: 2F 1-2: Fly out, F8 (Flyball, 8RM, EV 84.4 MPH)
|
| Bottom of the 9th over - 0 runs, 0 hits, 1 error, 1 left on base; York 4 - Trois-Riveres 1 |
|